TOP OF THE 1ST |
Corpus Christi Twins batting - Pitching for Brinkley Belugas : LHP Jim Unknown
|
Pitching: LHP Jim Unknown
|
|
Batting: LHB Arnold Cook
|
0-0: Bunt for hit - play at first, batter safe!
|
Batting: RHB Denis Taylor
|
0-0: Ball 1-0: Swinging Strike 1-1: Foul Ball, location: 2F 1-2: Foul Ball, location: 2F 1-2: Ball 2-2: Ball 3-2: Foul Ball, location: 2F 3-2: Foul Ball, location: 2F 3-2: Ground out 4-3 (Groundball, 4) Arnold Cook to second
|
Batting: RHB Andrew Floyd
|
0-0: Foul Ball, location: 2F 0-1: Ball 1-1: Called Strike 1-2: Ball 2-2: Foul Ball, location: 2F 2-2: Strikes out swinging
|
Batting: RHB Bill McCarty
|
0-0: Ball 1-0: Foul Ball, location: 2F 1-1: Ground out 1-3 (Groundball, 13S)
|
Top of the 1st over - 0 run(s), 1 hit(s), 0 error(s), 1 left on base; Corpus Christi 0 - Brinkley 0 |
BOTTOM OF THE 1ST |
Brinkley Belugas batting - Pitching for Corpus Christi Twins : RHP José Salinas
|
Pitching: RHP José Salinas
|
|
Batting: RHB Jorge Torrez
|
0-0: Ball 1-0: Ball 2-0: Foul Ball, location: 2F 2-1: Called Strike 2-2: Ball 3-2: Base on Balls
|
Batting: RHB James Peterson
|
0-0: Swinging Strike 0-1: Fly out, F8 (Flyball, 8LXD)
|
Batting: RHB Jim Unknown
|
0-0: Called Strike 0-1: Foul Ball, location: 2F 0-2: Ball 1-2: Foul Ball, location: 2F 1-2: Ball 2-2: Foul Ball, location: 2F 2-2: Ball Passed Ball! Jorge Torrez to second 3-2: Foul Ball, location: 2F 3-2: Ground out U3 (Groundball, 3) Jorge Torrez to third
|
Batting: SHB Earl Holman
|
0-0: Ball 1-0: Ball 2-0: Ball 3-0: Called Strike 3-1: Foul Ball, location: 2F 3-2: 2-RUN HOME RUN (Flyball, 9LD), Distance : 354 ft
|
Batting: LHB George Wilcox
|
0-0: Ground out 6-3 (Groundball, 6M)
|
Bottom of the 1st over - 2 run(s), 1 hit(s), 0 error(s), 0 left on base; Corpus Christi 0 - Brinkley 2 |
TOP OF THE 2ND |
Corpus Christi Twins batting - Pitching for Brinkley Belugas : LHP Jim Unknown
|
Batting: LHB John Brewer
|
0-0: DOUBLE (Flyball, 78XD)
|
Batting: LHB Juan Durán
|
0-0: Called Strike 0-1: Ball 1-1: Ball 2-1: Ball 3-1: Ground out 1-3 (Groundball, 13) John Brewer to third
|
Batting: RHB Martín González
|
0-0: Called Strike 0-1: Ground out 1-3 (Groundball, 13)
|
Batting: RHB Chad Graham
|
0-0: Ball 1-0: Foul Ball, location: 2F 1-1: SINGLE (Groundball, 6MD) John Brewer scores
|
Batting: RHB Dan Kirk
|
0-0: Foul Ball, location: 2F 0-1: Ball 1-1: Called Strike 1-2: Strikes out looking
|
Top of the 2nd over - 1 run(s), 2 hit(s), 0 error(s), 1 left on base; Corpus Christi 1 - Brinkley 2 |
BOTTOM OF THE 2ND |
Brinkley Belugas batting - Pitching for Corpus Christi Twins : RHP José Salinas
|
Batting: RHB Carlos Salinas
|
0-0: Ball 1-0: Swinging Strike 1-1: Foul Ball, location: 2F 1-2: Ball 2-2: SINGLE (Groundball, 6M)
|
Batting: LHB Patrick Larson
|
0-0: SINGLE (Groundball, 3L) Carlos Salinas to second Runner from 2nd tries for 3rd, SAFE, throw made to third
|
Batting: RHB Jim Unknown
|
0-0: Swinging Strike 0-1: Foul Ball, location: 2F 0-2: Strikes out looking
|
Batting: LHB Fred Riley
|
0-0: Swinging Strike 0-1: Ball 1-1: Ball 2-1: Swinging Strike 2-2: Ball 3-2: Strikes out swinging
|
Batting: RHB Jorge Torrez
|
0-0: Ball 1-0: Called Strike 1-1: Ground out 4-3 (Groundball, 4)
|
Bottom of the 2nd over - 0 run(s), 2 hit(s), 0 error(s), 2 left on base; Corpus Christi 1 - Brinkley 2 |
TOP OF THE 3RD |
Corpus Christi Twins batting - Pitching for Brinkley Belugas : LHP Jim Unknown
|
Batting: LHB Arnold Cook
|
0-0: Called Strike 0-1: Foul Ball, location: 2F 0-2: Ground out 4-3 (Groundball, 4)
|
Batting: RHB Denis Taylor
|
0-0: Called Strike 0-1: Ball 1-1: Called Strike 1-2: Foul Ball, location: 2F 1-2: Reached on Error, E7 (Line Drive, 7M)
|
Batting: RHB Andrew Floyd
|
0-0: Ball 1-0: Called Strike 1-1: Called Strike 1-2: Foul Ball, location: 2F 1-2: Ground out 4-3 (Groundball, 4) Denis Taylor to third
|
Batting: RHB Bill McCarty
|
0-0: Foul Ball, location: 2F 0-1: Foul Ball, location: 2F 0-2: Ball Wild Pitch! Denis Taylor scores 1-2: Fly out, F9 (Flyball, 9M)
|
Top of the 3rd over - 1 run(s), 0 hit(s), 1 error(s), 0 left on base; Corpus Christi 2 - Brinkley 2 |
BOTTOM OF THE 3RD |
Brinkley Belugas batting - Pitching for Corpus Christi Twins : RHP José Salinas
|
Batting: RHB James Peterson
|
0-0: Called Strike 0-1: Ground out 6-3 (Groundball, 6)
|
Batting: RHB Jim Unknown
|
0-0: Swinging Strike 0-1: Called Strike 0-2: Ball 1-2: Strikes out swinging
|
Batting: SHB Earl Holman
|
0-0: Ball 1-0: Foul Ball, location: 2F 1-1: Foul Ball, location: 2F 1-2: Foul Ball, location: 2F 1-2: Strikes out swinging
|
Bottom of the 3rd over - 0 run(s), 0 hit(s), 0 error(s), 0 left on base; Corpus Christi 2 - Brinkley 2 |
TOP OF THE 4TH |
Corpus Christi Twins batting - Pitching for Brinkley Belugas : LHP Jim Unknown
|
Batting: LHB John Brewer
|
0-0: Called Strike 0-1: Fly out, F4 (Popup, 4)
|
Batting: LHB Juan Durán
|
0-0: Called Strike 0-1: Called Strike 0-2: Foul Ball, location: 2F 0-2: SINGLE (Flyball, 6MD)
|
Batting: RHB Martín González
|
0-0: Called Strike 0-1: Fly out, F8 (Flyball, 8LM)
|
Batting: RHB Chad Graham
|
0-0: Called Strike 0-1: Ball 1-1: Swinging Strike 1-2: Strikes out swinging
|
Top of the 4th over - 0 run(s), 1 hit(s), 0 error(s), 1 left on base; Corpus Christi 2 - Brinkley 2 |
BOTTOM OF THE 4TH |
Brinkley Belugas batting - Pitching for Corpus Christi Twins : RHP José Salinas
|
Batting: LHB George Wilcox
|
0-0: Ball 1-0: Ground out 4-3 (Groundball, 4)
|
Batting: RHB Carlos Salinas
|
0-0: Foul Ball, location: 2F 0-1: Foul Ball, location: 2F 0-2: Ball 1-2: Ball 2-2: Fly out, F9 (Popup, 89S)
|
Batting: LHB Patrick Larson
|
0-0: Foul Ball, location: 2F 0-1: Ball 1-1: Ball 2-1: SOLO HOME RUN (Flyball, 9D), Distance : 392 ft
|
Batting: RHB Jim Unknown
|
0-0: Hit by Pitch
|
Batting: LHB Fred Riley
|
0-0: Ball 1-0: Called Strike Jim Unknown steals 2nd base 1-1: Foul Ball, location: 2F 1-2: SINGLE (Groundball, 34D) (infield hit) Jim Unknown to third
|
Batting: RHB Jorge Torrez
|
0-0: Fly out, F8 (Flyball, 8LM)
|
Bottom of the 4th over - 1 run(s), 2 hit(s), 0 error(s), 2 left on base; Corpus Christi 2 - Brinkley 3 |
TOP OF THE 5TH |
Corpus Christi Twins batting - Pitching for Brinkley Belugas : LHP Jim Unknown
|
Batting: RHB Dan Kirk
|
0-0: Swinging Strike 0-1: SINGLE (Line Drive, 34)
|
Batting: LHB Arnold Cook
|
0-0: Bunt missed! 0-1: Bunted foul 0-2: Foul Ball, location: 2F 0-2: Foul Ball, location: 2F 0-2: Ball 1-2: Foul Ball, location: 2F 1-2: Fly out, F8 (Flyball, 8LM)
|
Batting: RHB Denis Taylor
|
0-0: Called Strike 0-1: Foul Ball, location: 2F 0-2: Foul Ball, location: 2F 0-2: Fly out, F7 (Flyball, 7M)
|
Batting: RHB Andrew Floyd
|
0-0: Ball 1-0: Ball Wild Pitch! Dan Kirk to second 2-0: Swinging Strike 2-1: Foul Ball, location: 2F 2-2: Foul Ball, location: 2F 2-2: Strikes out swinging
|
Top of the 5th over - 0 run(s), 1 hit(s), 0 error(s), 1 left on base; Corpus Christi 2 - Brinkley 3 |
BOTTOM OF THE 5TH |
Brinkley Belugas batting - Pitching for Corpus Christi Twins : RHP José Salinas
|
Batting: RHB James Peterson
|
0-0: Ground out 5-3 (Groundball, 5)
|
Batting: RHB Jim Unknown
|
0-0: Ball 1-0: SINGLE (Flyball, 9S)
|
Batting: SHB Earl Holman
|
0-0: Called Strike 0-1: Ball 1-1: Ball 2-1: Ball 3-1: Grounds into double play, 6-4-3 (Groundball, 6)
|
Bottom of the 5th over - 0 run(s), 1 hit(s), 0 error(s), 0 left on base; Corpus Christi 2 - Brinkley 3 |
TOP OF THE 6TH |
Corpus Christi Twins batting - Pitching for Brinkley Belugas : LHP Jim Unknown
|
Batting: RHB Bill McCarty
|
0-0: Ball 1-0: Ball 2-0: Called Strike 2-1: Swinging Strike 2-2: Foul Ball, location: 2F 2-2: Foul Ball, location: 2F 2-2: Ball 3-2: Foul Ball, location: 2F 3-2: Strikes out swinging
|
Batting: LHB John Brewer
|
0-0: Ball 1-0: SINGLE (Line Drive, 4MD)
|
Batting: LHB Juan Durán
|
0-0: Swinging Strike 0-1: Swinging Strike 0-2: Ball 1-2: Strikes out swinging
|
Batting: RHB Martín González
|
0-0: Ball 1-0: SINGLE (Flyball, 89S) John Brewer to second
|
Batting: RHB Chad Graham
|
0-0: DOUBLE (Groundball, 5L) John Brewer scores Martín González to third
|
Batting: RHB Dan Kirk
|
0-0: Called Strike 0-1: Called Strike 0-2: Ball 1-2: Ball 2-2: Fly out, F8 (Flyball, 8LM)
|
Top of the 6th over - 1 run(s), 3 hit(s), 0 error(s), 2 left on base; Corpus Christi 3 - Brinkley 3 |
BOTTOM OF THE 6TH |
Brinkley Belugas batting - Pitching for Corpus Christi Twins : RHP José Salinas
|
Batting: LHB George Wilcox
|
0-0: Ball 1-0: Ball 2-0: Called Strike 2-1: Ball 3-1: SINGLE (Line Drive, 7S)
|
Batting: RHB Carlos Salinas
|
0-0: Foul Ball, location: 2F 0-1: Ball 1-1: SINGLE (Line Drive, 78S) George Wilcox to second
|
Batting: LHB Patrick Larson
|
0-0: Ball 1-0: Ball 2-0: Called Strike 2-1: Foul Ball, location: 2F 2-2: Grounds into double play, 6-4-3 (Groundball, 6M) George Wilcox to third
|
Batting: RHB Jim Unknown
|
0-0: Ball 1-0: Foul Ball, location: 2F 1-1: SINGLE (Groundball, 34S) George Wilcox scores
|
Batting: LHB Fred Riley
|
0-0: Ball 1-0: Ball 2-0: Called Strike 2-1: Ground out U3 (Groundball, 3L)
|
Bottom of the 6th over - 1 run(s), 3 hit(s), 0 error(s), 1 left on base; Corpus Christi 3 - Brinkley 4 |
TOP OF THE 7TH |
Corpus Christi Twins batting - Pitching for Brinkley Belugas : LHP Jim Unknown
|
Batting: LHB Arnold Cook
|
0-0: Called Strike 0-1: Swinging Strike 0-2: Strikes out swinging
|
Batting: RHB Denis Taylor
|
0-0: Foul Ball, location: 2F 0-1: Foul Ball, location: 2F 0-2: Ball 1-2: Ball 2-2: Strikes out looking
|
Batting: RHB Andrew Floyd
|
0-0: Ball 1-0: Called Strike 1-1: Swinging Strike 1-2: Ball 2-2: Fly out, F9 (Flyball, 89M)
|
Top of the 7th over - 0 run(s), 0 hit(s), 0 error(s), 0 left on base; Corpus Christi 3 - Brinkley 4 |
BOTTOM OF THE 7TH |
Brinkley Belugas batting - Pitching for Corpus Christi Twins : RHP José Salinas
|
Batting: RHB Jorge Torrez
|
0-0: Ball 1-0: Fly out, F9 (Flyball, 89M)
|
Batting: RHB James Peterson
|
0-0: Ball 1-0: Ball 2-0: Called Strike 2-1: Swinging Strike 2-2: SINGLE (Popup, 34D)
|
Batting: RHB Jim Unknown
|
0-0: Swinging Strike 0-1: Ball 1-1: Fly out, F8 (Flyball, 8RM)
|
Batting: SHB Earl Holman
|
0-0: Called Strike 0-1: SINGLE (Line Drive, 56D) James Peterson to second
|
Batting: LHB George Wilcox
|
0-0: Swinging Strike 0-1: Ball 1-1: Ball 2-1: Ball 3-1: Swinging Strike 3-2: Strikes out swinging
|
Bottom of the 7th over - 0 run(s), 2 hit(s), 0 error(s), 2 left on base; Corpus Christi 3 - Brinkley 4 |
TOP OF THE 8TH |
Corpus Christi Twins batting - Pitching for Brinkley Belugas : LHP Jim Unknown
|
Pitching: RHP Melvin González
|
|
Batting: RHB Bill McCarty
|
0-0: Called Strike 0-1: Ball 1-1: Ball 2-1: Called Strike 2-2: Strikes out swinging
|
Batting: LHB John Brewer
|
0-0: Ball 1-0: Swinging Strike 1-1: Foul Ball, location: 2F 1-2: Strikes out swinging
|
Batting: LHB Juan Durán
|
0-0: Foul Ball, location: 2F 0-1: Called Strike 0-2: Ball 1-2: Ball 2-2: Strikes out swinging
|
Top of the 8th over - 0 run(s), 0 hit(s), 0 error(s), 0 left on base; Corpus Christi 3 - Brinkley 4 |
BOTTOM OF THE 8TH |
Brinkley Belugas batting - Pitching for Corpus Christi Twins : RHP José Salinas
|
Pitching: LHP Craig Bolton
|
|
Batting: RHB Carlos Salinas
|
0-0: Called Strike 0-1: Swinging Strike 0-2: Foul Ball, location: 2F 0-2: DOUBLE (Line Drive, 9LD)
|
Pinch Hitting: RHB Terry Ryals
|
0-0: Swinging Strike 0-1: Ball 1-1: Ball 2-1: Foul Ball, location: 2F 2-2: Foul Ball, location: 2F 2-2: Strikes out swinging
|
Batting: RHB Jim Unknown
|
0-0: Intentional Walk
|
Pinch Hitting: RHB Dean Strickland
|
0-0: Ball 1-0: Foul Ball, location: 2F 1-1: Grounds into double play, 4-6-3 (Groundball, 4)
|
Bottom of the 8th over - 0 run(s), 1 hit(s), 0 error(s), 1 left on base; Corpus Christi 3 - Brinkley 4 |
TOP OF THE 9TH |
Corpus Christi Twins batting - Pitching for Brinkley Belugas : RHP Melvin González
|
Pitching: RHP José Huerta
|
|
Now at 1B: Dean Strickland
|
|
Now in RF: Juan Díaz
|
|
Pinch Hitting: LHB Don Sullivan
|
0-0: Ball 1-0: Called Strike 1-1: Ball 2-1: Ball 3-1: Called Strike 3-2: Base on Balls
|
Pinch Hitting: RHB Jim Unknown
|
0-0: Ball 1-0: Called Strike 1-1: Foul Ball, location: 2F 1-2: Foul Ball, location: 2F 1-2: Foul Ball, location: 2F 1-2: Strikes out looking
|
Pinch Hitting: LHB Ken Wiley
|
0-0: Ball 1-0: Ball 2-0: Called Strike 2-1: Swinging Strike 2-2: Grounds into double play, 6-4-3 (Groundball, 6D)
|
Top of the 9th over - 0 run(s), 0 hit(s), 0 error(s), 0 left on base; Corpus Christi 3 - Brinkley 4 |
|